AoeStats
← CounterTargetSpell

Nomad

507642449Analyzed
4v4 RM · 14d ago on Sep 19, 2026· 58m 47s· 8 players
Game mode
Random Map
Map size
231×231
Population
200
Speed
Normal
Resources
Standard
Victory
Conquest
Starting age
Dark Age
Ending age
Imperial Age
RankedLock teamsTeams togetherTeam positionsShared explorationLock speedFull tech treeHidden civsTurbo modeCheats
Victory
Defeat
🇺🇸 Japanese · United States
936
+12
🇺🇸 Koreans · United States
892
+14
🇨🇳 Persians · China
892
+14
🇬🇧 Tupi · United Kingdom
834
+15
🇳🇮 Dravidians · Nicaragua
892
-16
🇺🇸 Vikings · United States
851
-14
🇺🇸 Huns · United States
816
-13
🇨🇴 Persians · Colombia
790
-12
isthisthingon
5:03 Loom
14:31 Feudal Age
15:02 Fishing Lines
16:17 Double-Bit Axe
17:36 Gold Mining
25:31 Castle Age
28:23 Fletching
29:21 Careening
29:55 Gold Shaft Mining
32:42 Horse Collar
33:26 Forging
33:45 Medium Warships
36:13 Clinker Construction
39:14 Chieftains
43:12 Bow Saw
48:13 Imperial Age
46:08 Fortified Wall
daebak
13:05 Feudal Age
16:34 Double-Bit Axe
16:31 Horse Collar
22:16 Castle Age
20:21 Stone Mining
20:51 Bloodlines
20:49 Scale Barding Armor
21:20 Gold Mining
23:47 Light Cavalry
28:08 Heavy Plow
28:55 Husbandry
29:18 Chain Barding Armor
32:43 Bow Saw
33:20 Marauders
33:37 Forging
38:35 Ballistics
40:46 Iron Casting
41:39 Scale Mail Armor
41:41 Padded Archer Armor
41:32 Fletching
41:09 Crossbowman
42:18 Thumb Ring
47:35 Imperial Age
47:39 Elite Tarkan
48:42 Conscription
49:24 Chemistry
50:15 Gold Shaft Mining
Ing. Felipe Peralta
4:07 Loom
12:59 Feudal Age
14:22 Wheelbarrow
14:46 Double-Bit Axe
15:37 Fishing Lines
17:01 Gold Mining
22:04 Stone Mining
24:39 Castle Age
24:51 Pikeman
26:47 Stone Shaft Mining
26:15 Husbandry
26:41 Hand Cart
26:47 Scale Barding Armor
26:53 Forging
28:44 Horse Collar
29:37 Bow Saw
30:33 Gold Shaft Mining
34:52 Kamandaran
36:28 Gillnets
37:34 Crossbowman
38:20 Thumb Ring
43:12 Imperial Age
40:59 Padded Archer Armor
40:25 Light Cavalry
41:08 Squires
44:54 Chemistry
44:14 Ballistics
44:06 Elite War Elephant
46:50 Hoardings
47:18 Leather Archer Armor
47:10 Scale Mail Armor
47:00 Fletching
50:50 Halberdier
51:16 Arson
52:56 Gambesons
54:01 Sappers
Nic94-Necrophos-Papo
14:23 Feudal Age
19:00 Castle Age
17:15 Loom
19:33 Horse Collar
19:42 Double-Bit Axe
21:10 Gambesons
21:25 Squires
20:46 Man-at-Arms
21:12 Arson
22:05 Pikeman
24:15 Wheelbarrow
24:21 Town Watch
24:48 Scale Mail Armor
25:00 Forging
24:52 Stone Mining
25:43 Town Patrol
35:05 Bow Saw
37:03 Iron Casting
37:40 Fishing Lines
38:24 Fletching
40:42 Gillnets
45:32 Imperial Age
47:27 Two-Man Saw
47:38 Wootz Steel
47:13 Halberdier
49:51 Chain Mail Armor
50:37 Blast Furnace
51:00 Conscription
52:03 Chemistry
56:43 Plate Mail Armor
Jacobclown
9:20 Loom
14:14 Feudal Age
19:00 Castle Age
17:35 Double-Bit Axe
19:17 Scale Barding Armor
20:50 Fletching
21:02 Fishing Lines
21:17 Horse Collar
22:55 Bow Saw
23:51 Forging
23:38 Bodkin Arrow
28:34 Scale Mail Armor
28:36 Squires
29:21 Town Watch
29:44 Heavy Plow
30:39 Wheelbarrow
34:44 Chain Mail Armor
35:04 Iron Casting
39:54 Imperial Age
40:21 Arson
40:40 Bracer
41:03 Ballistics
42:34 Gold Mining
43:57 Conscription
44:27 Hand Cart
46:20 Plate Mail Armor
46:42 Town Patrol
47:10 Kataparuto
49:38 Two-Man Saw
50:40 Blast Furnace
49:45 Elite Samurai
52:34 Treadmill Crane
FullyLoadedHashbrowns
9:28 Loom
15:18 Feudal Age
16:06 Double-Bit Axe
17:05 Fishing Lines
24:44 Castle Age
25:22 Scale Barding Armor
25:28 Forging
26:54 Medium Warships
26:42 Gold Mining
28:41 Iron Casting
33:18 Fletching
36:40 Town Watch
37:32 Wheelbarrow
41:04 Imperial Age
39:53 Stone Mining
40:17 Bow Saw
40:13 Scale Mail Armor
42:41 Heavy Warships
43:31 Chemistry
42:13 Treadmill Crane
42:24 Heated Shot
43:41 Chemistry
42:23 Treadmill Crane
43:41 Stone Shaft Mining
43:42 Gold Shaft Mining
43:41 Conscription
45:09 Elite Turtle Ship
47:21 Ballistics
47:15 Fortified Wall
47:21 Horse Collar
48:27 Elite Cannon Galleon
53:16 Shinkichon
53:59 Pikeman
54:39 Squires
54:44 Bodkin Arrow
55:35 Bracer
56:08 Elite War Wagon
58:33 Halberdier
58:59 Gambesons
CounterTargetSpell
9:46 Loom
15:22 Feudal Age
16:11 Double-Bit Axe
17:14 Horse Collar
20:33 Gold Mining
23:59 Castle Age
26:30 Wheelbarrow
27:05 Bow Saw
27:36 Pikeman
28:58 Squires
29:30 Heavy Plow
30:11 Gold Shaft Mining
31:04 Hand Cart
31:29 Champi Runner
33:04 Scale Mail Armor
33:15 Forging
34:17 Arson
34:41 Town Watch
37:56 Caravan
37:38 Champi Warrior
39:52 Chain Mail Armor
40:14 Iron Casting
41:17 Fletching
45:40 Imperial Age
46:57 Plate Mail Armor
45:53 Elite Champi Warrior
46:04 Elite Ibirapema Warrior
47:51 Two-Man Saw
46:42 Stone Mining
46:55 Capped Ram
50:27 Conscription
51:11 Halberdier
53:27 Bodkin Arrow
58:07 Bracer
n00b
17:40 Feudal Age
18:28 Fishing Lines
18:42 Double-Bit Axe
21:37 Castle Age
22:34 Bow Saw
22:16 Gillnets
23:51 Wheelbarrow
23:59 Gold Mining
23:59 Stone Mining
26:28 Hand Cart
29:55 Imperial Age
29:43 Horse Collar
30:40 Gold Shaft Mining
30:40 Stone Shaft Mining
31:33 Heavy Plow
32:34 Two-Man Saw
32:44 Conscription
32:31 Scale Barding Armor
32:36 Forging
34:10 Chain Barding Armor
35:58 Sappers
37:07 Elite War Elephant
41:00 Guilds
41:05 Citadels
40:56 Kamandaran
41:29 Loom
48:29 Plate Barding Armor
48:29 Iron Casting
49:16 Ballistics
49:56 Chemistry
48:47 Fletching
48:58 Padded Archer Armor
Connection lost

Rejoining the realm…

Still unreachable

The connection could not be restored.

Session expired

The server has moved on; the page needs a fresh start.